 Dungeon Crawl Stone Soup version 0.20.1-1-g8b1a95d (webtiles) character file.

57022 equalderp2856 the Severer (level 14, -10/127 HPs)
             Began as a Minotaur Fighter on Oct 23, 2017.
             Killed by drain life
             ... invoked by a soul eater
             ... summoned by an orc high priest
              (14 damage)
             ... on level 9 of the Dungeon.
             The game lasted 00:49:54 (23125 turns).

equalderp2856 the Severer (Minotaur Fighter)       Turns: 23125, Time: 00:49:54

Health: -10/127    AC:  7    Str: 22    XL:     14   Next: 44%
Magic:  15/15      EV:  9    Int:  6    God:
Gold:   1250       SH: 14    Dex: 19    Spells: 13/13 levels left

rFire    . . .     SeeInvis .   a - +0 war axe
rCold    . . .     Gourm    .   c - +0 shield
rNeg     . . .     Faith    .   e - +0 plate armour
rPois    .         Spirit   .   Y - +2 hat
rElec    .         Reflect  .   (no cloak)
rCorr    .         Harm     .   F - +0 pair of gloves
MR       ++...                  (no boots)
Stlth    ..........             M - amulet of regeneration
Regen    0.8/turn               j - ring of protection from magic
MPRegen  0.2/turn               t - +6 ring of dexterity

@: corroded, hasted, drained, very quick
A: retaliatory headbutt, horns 2
a: no special abilities


You were on level 9 of the Dungeon.
You were not hungry.

You visited 3 branches of the dungeon, and saw 19 of its levels.
You also visited: Labyrinth.

You collected 1370 gold pieces.
You spent 120 gold pieces at shops.

Inventory:

Hand Weapons
 a - a +0 war axe (weapon)
 K - the +3 trident of Cyvuwneo {holy, Int+2}
   (You found it on level 2 of the Lair of Beasts)

   It has been blessed by the Shining One to cause great damage to the undead
   and demons.
   It affects your intelligence (+2).
Armour
 c - a +0 shield (worn)
 e - a +0 plate armour (worn)
 F - a +0 pair of gloves (worn)
 Y - a +2 hat (worn)
Jewellery
 j - a ring of protection from magic (left hand)
 t - a +6 ring of dexterity (right hand)
 z - an uncursed ring of positive energy
 G - a +1 ring of evasion
 M - an amulet of regeneration (around neck)
 Q - an uncursed amulet of the gourmand
Wands
 b - a wand of flame (5/48)
 s - a wand of clouds (1/9)
 y - a wand of iceblast (0/15)
 C - a wand of iceblast (0/15)
 H - a wand of iceblast (0/15)
 I - a wand of confusion (6/48)
 J - a wand of random effects (15/48)
 W - a wand of polymorph (7/24)
Scrolls
 g - 5 scrolls of remove curse
 h - 6 scrolls of identify
 i - 3 scrolls of fear
 n - 2 scrolls of blinking
 q - a scroll of summoning {unknown}
 w - 2 scrolls of random uselessness {unknown}
 x - 2 scrolls of enchant weapon {unknown}
 B - 3 scrolls of teleportation
 L - 2 scrolls of noise {unknown}
 N - 2 scrolls of recharging
 O - a scroll of brand weapon {unknown}
 P - 4 scrolls of amnesia {unknown}
 R - 2 scrolls of vulnerability {unknown}
 S - a scroll of fog {unknown}
 T - a scroll of enchant armour {unknown}
 U - 2 scrolls of silence {unknown}
 V - 2 scrolls of acquirement {unknown}
Potions
 d - 5 potions of might
 k - a potion of curing
 l - 5 potions of haste
 m - 5 potions of agility
 o - 2 potions of degeneration {unknown}
 p - 3 potions of flight {unknown}
 r - 5 potions of mutation {unknown}
 v - 4 potions of brilliance {unknown}
 D - 3 potions of berserk rage {unknown}
 Z - a potion of invisibility {unknown}
Books
 E - a book of Enchantments

   Spells                             Type                      Level
   a - Cause Fear                     Hexes                        4
   b - Yara's Violent Unravelling     Hexes/Transmutation          5
   c - Silence                        Hexes/Air                    5
   d - Deflect Missiles               Charms/Air                   6
   e - Discord                        Hexes                        8
 X - the Papyrus of Fetching Calling
   (You found it on level 1 of the Lair of Beasts)

   Spells                             Type                      Level
   a - Call Imp                       Summoning                    2
   b - Tukima's Dance                 Hexes                        3
   c - Leda's Liquefaction            Hexes/Earth                  4
   d - Metabolic Englaciation         Hexes/Ice                    5
Comestibles
 f - 6 bread rations
 A - 10 meat rations


   Skills:
 + Level 12.5(12.3) Fighting
 + Level 16.5(16.6) Axes
 + Level 6.1(12.3) Polearms
 + Level 14.2(14.0) Armour
 + Level 3.9(3.7) Dodging
 + Level 1.4(1.2) Stealth
 + Level 14.6(14.4) Shields
 + Level 2.7(2.6) Evocations


You had 13 spell levels left.
You didn't know any spells.

Dungeon Overview and Level Annotations

Branches:
Dungeon (11/15)            Temple (0/1) D:4            Lair (6/6) D:10
  Swamp (0/4) Lair:4        Snake (0/4) Lair:2        Slime (0/5) Lair:6
    Orc (2/2) D:9
    Elf: Orc:2

Altars:
Cheibriados
Fedhas
Kikubaaqudgha
Nemelex Xobeh
Okawaru
Ru
Uskayaw
Vehumet
Zin
The Shining One
Beogh

Shops:
D:8 =   D:10 *

Annotations:
Lair:6 exclusion: 2 oklob plants


Innate Abilities, Weirdness & Mutations

You reflexively headbutt those who attack you in melee.
You have a pair of horns on your head.


Message History

The soul eater draws from the surrounding life force!
* * * LOW HITPOINT WARNING * * *
Unknown command.
Okay, then.
The troll bites you.
* * * LOW HITPOINT WARNING * * *
The troll claws you but does no damage. You block the troll's attack.
You feel better. You block the troll's attack. The troll claws you!
* * * LOW HITPOINT WARNING * * *
The troll misses you.
Unknown command.
You feel better. You block the troll's attack. x3
You feel yourself speed up. The troll bites you!
* * * LOW HITPOINT WARNING * * *
You block the troll's attack. The troll claws you.
* * * LOW HITPOINT WARNING * * *
Unknown command.
Unknown command.
The soul eater draws from the surrounding life force!
You die...

#............# #...
#............# #.).
##...#########
#####).. #...#
#....... #...#
#####.###(#. #...#
#....[..(... #...#
#....[.(....
#...#######..........#
#....@.To.33.........#
#...######....)......#
#...# ##...).[....#
##### #....>[....#
#....[)....#
#..........#
#..........#
#...........
#..........#


You could see a soul eater, an orc high priest, a troll and a ynoxinul.

Vanquished Creatures
  Rupert (Orc:2)
  Nessos (Lair:6)
  Josephine (D:10)
  A minotaur (Lab)
  Fannar (D:10)
  4 hydras
  5 two-headed ogres
  Erica (D:8)
  An orc high priest (Orc:1)
  Nergalle (D:11)
  An unseen horror (D:11)
  2 orc knights (Orc:1)
  A deep elf mage (D:11)
  An orc sorcerer (D:9)
  8 elephants
  4 black mambas
  2 rime drakes
  24 spiny frogs
  3 komodo dragons
  A kobold demonologist (D:11)
  2 trolls (Orc:1)
  2 polar bears
  5 tyrant leeches (Lair:6)
  16 blink frogs
  A hornet (Lair:3)
  20 dream sheep
  6 hippogriffs
  8 spriggans (Lair:3)
  11 yaks
  5 wraiths (D:10)
  3 basilisks
  3 wyverns
  Grum (Lair:1)
  6 vampire mosquitoes
  2 hungry ghosts
  Edmund (D:4)
  5 wargs
  5 nagas (Lair:2)
  7 water moccasins
  Duvessa (D:4)
  9 porcupines
  18 orc warriors
  Purgy (D:4)
  A black bear (D:6)
  2 sky beasts (D:5)
  11 ogres
  2 phantoms
  A boggart (Lair:3)
  6 centaurs
  19 crocodiles
  15 wolves
  4 big kobolds
  26 bullfrogs
  Dowan (D:4)
  4 scorpions
  14 killer bees
  3 wights (D:11)
  3 howler monkeys
  A bullfrog zombie (D:10)
  3 crimson imps
  A centaur zombie (D:5)
  3 jellies
  3 centaur skeletons
  4 hounds
  8 orc priests
  6 orc wizards
  2 bullfrog skeletons (D:4)
  Ijyb (D:4)
  5 iguanas
  9 hell rats
  7 worker ants
  A hound skeleton (D:10)
  A worker ant zombie (D:5)
  3 gnolls (D:7)
  12 adders
  7 river rats (Lair:1)
  4 shadow imps
  An ooze (D:2)
  2 adder skeletons
  4 worms
  A dart slug (D:4)
  6 leopard geckos
  65 orcs
  2 ball pythons
  6 bats
  7 giant cockroaches
  6 goblins
  9 hobgoblins
  9 quokkas
  3 frilled lizards
  2 jackal zombies (D:5)
  25 kobolds
  A quokka zombie (D:8)
  11 rats
  2 fungi
  5 plants
562 creatures vanquished.

Vanquished Creatures (collateral kills)
  A killer bee (D:8)
1 creature vanquished.

Vanquished Creatures (others)
  A bush (Lair:6)
  27 fungi
  54 plants
82 creatures vanquished.

Grand Total: 645 creatures vanquished

Notes
Turn   | Place    | Note
-------+----------+-------------------------------------------
     0 | D:1      | equalderp2856 the Minotaur Fighter began the quest for the Orb.
     0 | D:1      | Reached XP level 1. HP: 19/19 MP: 0/0
   150 | D:1      | Reached XP level 2. HP: 22/27 MP: 1/1
   719 | D:2      | Reached XP level 3. HP: 12/33 MP: 2/2
   989 | D:2      | Found a faded altar of an unknown god.
  1126 | D:2      | Reached skill level 3 in Axes
  1130 | D:2      | Reached XP level 4. HP: 35/40 MP: 3/3
  1394 | D:2      | Reached skill level 1 in Dodging
  1395 | D:2      | Found a sparkling altar of Nemelex Xobeh.
  1794 | D:3      | Found an iron altar of Okawaru.
  1994 | D:3      | Reached skill level 4 in Axes
  2024 | D:3      | Reached XP level 5. HP: 39/46 MP: 4/4
  2365 | D:4      | Reached skill level 5 in Armour
  2646 | D:4      | Reached XP level 6. HP: 31/53 MP: 5/5
  2681 | D:4      | Reached skill level 5 in Axes
  2901 | D:4      | Noticed Duvessa
  2901 | D:4      | Noticed Dowan
  2913 | D:5      | Entered Level 5 of the Dungeon
  2926 | D:5      | Noticed a sky beast
  2949 | D:5      | Killed a sky beast
  3045 | D:5      | Found a blossoming altar of Fedhas.
  3055 | D:5      | Reached XP level 7. HP: 49/60 MP: 6/6
  3552 | D:5      | Reached skill level 5 in Fighting
  3552 | D:5      | Reached skill level 6 in Axes
  3552 | D:5      | Reached skill level 5 in Shields
  3837 | D:6      | Found an ancient bone altar of Kikubaaqudgha.
  4060 | D:6      | Found a radiant altar of Vehumet.
  4163 | D:6      | Reached skill level 7 in Axes
  4163 | D:6      | Reached XP level 8. HP: 70/70 MP: 7/7
  4930 | D:7      | Reached skill level 8 in Axes
  4995 | D:7      | HP: 3/70 [something/puff of frost (9)]
  4997 | D:6      | Noticed a two-headed ogre
  5391 | D:4      | Found a glowing golden altar of the Shining One.
  5439 | D:4      | Noticed Ijyb
  5451 | D:4      | Killed Ijyb
  5482 | D:4      | Noticed Purgy
  5491 | D:4      | Killed Purgy
  5491 | D:4      | Reached skill level 1 in Evocations
  5532 | D:4      | Found a staircase to the Ecumenical Temple.
  5590 | D:4      | Noticed Edmund
  5605 | D:4      | Killed Edmund
  5796 | D:4      | Killed Duvessa
  5805 | D:4      | Killed Dowan
  5974 | D:4      | Reached XP level 9. HP: 70/78 MP: 9/9
  6556 | D:7      | Reached skill level 9 in Axes
  6871 | D:7      | Found a snail-covered altar of Cheibriados.
  7364 | D:8      | Noticed Erica
  7379 | D:8      | Killed Erica
  7379 | D:8      | Reached skill level 10 in Axes
  8026 | D:8      | Reached XP level 10. HP: 83/86 MP: 10/10
  8117 | D:8      | Found Myupt's Jewellery Shoppe.
  8247 | D:8      | Noticed an angel
  8248 | D:8      | Found a glowing silver altar of Zin.
  8285 | D:8      | Noticed a two-headed ogre
  8296 | D:8      | Killed a two-headed ogre
  8296 | D:8      | Reached skill level 11 in Axes
  8655 | D:9      | Noticed a two-headed ogre
  8835 | D:9      | Killed a two-headed ogre
  9162 | D:9      | Reached skill level 1 in Stealth
  9183 | D:9      | Reached skill level 10 in Armour
  9336 | D:9      | Found a staircase to the Orcish Mines.
  9350 | D:9      | Reached skill level 12 in Axes
  9385 | D:9      | Found a hide-covered altar of Uskayaw.
  9385 | D:9      | Found a sacrificial altar of Ru.
  9683 | D:10     | Entered Level 10 of the Dungeon
  9762 | D:10     | Found Gouxiam's General Store.
  9781 | D:10     | Bought a potion of agility for 64 gold pieces
  9781 | D:10     | Bought a scroll of fear for 56 gold pieces
 10385 | D:10     | Reached XP level 11. HP: 94/95 MP: 11/11
 10489 | D:10     | Noticed Fannar
 10490 | D:10     | Noticed Grum
 10509 | D:10     | Found a staircase to the Lair.
 10514 | Lair:1   | Entered Level 1 of the Lair of Beasts
 10606 | Lair:1   | Found a labyrinth entrance.
 10626 | Lab      | Entered a labyrinth
 10981 | Lab      | Noticed a minotaur
 10989 | Lab      | Killed a minotaur
 11005 | Lab      | Got a warped scale mail
 11747 | Lair:1   | Identified the Papyrus of Fetching Calling
 11750 | Lair:1   | Reached skill level 10 in Shields
 11845 | Lair:1   | Reached skill level 13 in Axes
 12363 | Lair:1   | Got a bone rapier
 12483 | Lair:1   | Killed Grum
 13071 | Lair:2   | Found a staircase to the Snake Pit.
 13636 | Lair:3   | Noticed a spriggan rider
 13637 | Lair:3   | Noticed a seven-headed hydra
 14172 | Lair:3   | Reached skill level 14 in Axes
 14192 | Lair:3   | Reached XP level 12. HP: 78/106 MP: 12/12
 14452 | Lair:3   | Reached skill level 10 in Fighting
 14836 | Lair:4   | Found a staircase to the Swamp.
 14875 | Lair:4   | Noticed a six-headed hydra
 15000 | Lair:2   | Got a bloodstained trident
 15111 | Lair:1   | Identified the +3 trident of Cyvuwneo {holy, Int+2} (You found it on level 2 of the Lair of Beasts)
 15118 | Lair:2   | Killed a seven-headed hydra
 15569 | Lair:4   | Reached skill level 1 in Polearms
 15877 | Lair:4   | Noticed a four-headed hydra
 15889 | Lair:4   | Killed a four-headed hydra
 16749 | Lair:5   | Noticed a five-headed hydra
 16759 | Lair:5   | Killed a five-headed hydra
 17290 | Lair:6   | Entered Level 6 of the Lair of Beasts
 17515 | Lair:6   | Noticed a six-headed hydra
 17726 | Lair:5   | Reached XP level 13. HP: 57/116 MP: 13/13
 17728 | Lair:5   | Reached skill level 15 in Axes
 18018 | Lair:6   | Noticed Nessos
 18385 | Lair:6   | Killed Nessos
 19098 | Lair:6   | Found a staircase to the Slime Pits.
 19863 | Lair:6   | Reached skill level 5 in Polearms
 20589 | D:10     | Killed Fannar
 20919 | D:10     | Noticed Josephine
 20927 | D:10     | Killed Josephine
 20927 | D:10     | Reached skill level 16 in Axes
 20927 | D:10     | Reached XP level 14. HP: 125/126 MP: 14/14
 21207 | D:11     | Noticed Nergalle
 21226 | D:11     | Killed Nergalle
 21304 | D:11     | Found a roughly hewn altar of Beogh.
 21871 | Orc:1    | Entered Level 1 of the Orcish Mines
 21875 | Orc:1    | Found a roughly hewn altar of Beogh.
 22823 | Orc:1    | Found a roughly hewn altar of Beogh.
 23080 | Orc:2    | Entered Level 2 of the Orcish Mines
 23080 | Orc:2    | Noticed Rupert
 23093 | Orc:2    | Killed Rupert
 23119 | D:9      | HP: 6/127 [soul eater/drain life[an orc high priest] (9)]
 23124 | D:9      | HP: 4/127 [troll (5)]
 23125 | D:9      | Killed from afar by a soul eater

Skill      XL: |  1  2  3  4  5  6  7  8  9 10 11 12 13 14 |
---------------+-------------------------------------------+-----
Armour         | 4 5 6 8 9 10 11 12 13 14 | 14.2
Fighting       | 4 5 6 7 8 9 11 12 | 12.5
Shields        | 4 5 6 8 9 11 12 14 | 14.6
Axes           | 3 4 5 7 8 10 12 14 16 | 16.5
Dodging        | 1 2 3 |  3.9
Evocations     | 1 2 |  2.7
Stealth        | 1 |  1.4
Polearms       | 3 6 |  6.1

Action                   |  1- 3 |  4- 6 |  7- 9 | 10-12 | 13-15 || total
-------------------------+-------+-------+-------+-------+-------++-------
Melee: War axe           |    72 |   161 |   333 |   801 |   642 ||  2009
       Headbutt          |     7 |    17 |    71 |   228 |   250 ||   573
       Trident           |       |       |       |    49 |   166 ||   215
Evoke: Wand              |       |       |    24 |     7 |    16 ||    47
  Use: Scroll            |       |     1 |       |    11 |       ||    12
       Potion            |       |       |       |       |     5 ||     5
 Stab: Confused          |       |       |     1 |       |       ||     1
  Eat: Chunk             |       |     7 |    16 |    18 |    13 ||    54
       Fruit             |       |       |     2 |     1 |     4 ||     7
       Royal jelly       |       |       |       |     3 |       ||     3
       Meat ration       |       |       |       |     1 |       ||     1
       Bread ration      |       |       |       |       |     1 ||     1
Armor: Scale mail        |    32 |    37 |       |       |       ||    69
       Plate armour      |       |    40 |   181 |   395 |   333 ||   949
Dodge: Dodged            |    31 |    36 |    80 |   219 |   197 ||   563
Block: Shield            |    37 |    71 |   174 |   592 |   552 ||  1426
